 Dungeon Sprint DCSS version 0.26-a0-844-g3dd439832f (webtiles) character file.

Game seed: 1698253140385262645

33 sahdkjhfkaj the Magician (level 3, -1/18 HPs)
             Began as a Spriggan Enchanter on Nov 18, 2020.
             Was an Initiate of Gozag.
             Killed by divine providence
             ... invoked by an orc priest
              (15 damage)
             ... in the Dungeon (Sprint VII: "The Pits").
             The game lasted 00:01:56 (769 turns).

sahdkjhfkaj the Magician (Spriggan Enchanter)        Turns: 769, Time: 00:01:57

Health: -1/18      AC:  2    Str:  4    XL:     3   Next: 12%
Magic:  8/10       EV: 18    Int: 17    God:    Gozag
Gold:   360        SH:  0    Dex: 16    Spells: 9/12 levels left

rFire    . . .     SeeInvis +   a - +2 dagger (distort)
rCold    . . .     Faith    .   (shield restricted)
rNeg     . . .     Spirit   .   b - +0 robe
rPois    .         Reflect  .   (helmet restricted)
rElec    .         Harm     .   (no cloak)
rCorr    .         Rampage  .   (gloves unavailable)
MR       .....     NoTele   +   (boots unavailable)
Stlth    +++.......             (no amulet)
HPRegen  0.06/turn              (no ring)
MPRegen  0.12/turn              (no ring)

@: very quick
A: very small, unfitting armour, see invisible, speed 3
a: Potion Petition, Call Merchant, Bribe Branch, Renounce Religion


You were in the Dungeon.
You worshipped Gozag.
Gozag was aware of your devotion.
You visited 1 branch You collected 360 gold pieces.

Inventory:

Hand Weapons
 a - a +2 dagger of distortion (weapon)
Armour
 b - a +0 robe (worn)
Scrolls
 i - a scroll of blinking {!r}
 j - 3 scrolls of remove curse {!r}
 k - 5 scrolls of amnesia {!r}
 l - a scroll of summoning {!r}
Potions
 c - 2 potions of berserk rage {!q}
 d - a potion of curing {!q}
 f - a potion of haste {!q}
 g - 4 potions of magic {!q}
 h - 2 potions of invisibility {!q}


   Skills:
 - Level 1.0 Fighting
 - Level 2.0 Short Blades
 - Level 3.0 Dodging
 - Level 4.4 Stealth
 + Level 1.0 Shields
 - Level 5.0 Spellcasting
 + Level 4.5 Hexes
 - Level 1.0 Ice Magic
 - Level 4.0 Evocations


You had 9 spell levels left.
You knew the following spells:

 Your Spells              Type           Power        Failure   Level
a - Corona                Hex            ###....      2%          1
b - Ensorcelled Hibernat  Hex/Ice        ##....       7%          2

Your spell library contained the following spells:

 Spells                   Type           Power        Failure   Level
 Confusing Touch          Hex            ###.....     7%          3
 Tukima's Dance           Hex            ###.....     7%          3
 Dazzling Flash           Conj/Hex       ##....       17%         3


Dungeon Overview and Level Annotations

Branches:
Dungeon (1/1)

Altars:
Ashenzari
Cheibriados
Dithmenos
Elyvilon
Fedhas
Gozag
Hepliaklqana
Kikubaaqudgha
Makhleb
Nemelex Xobeh
Okawaru
Qazlal
Ru
Sif Muna
Trog
Uskayaw
Vehumet
Wu Jian
Xom
Yredelemnul
Zin
The Shining One
Beogh
Jiyva
Lugonu


Innate Abilities, Weirdness & Mutations

You are very small and have problems with some larger weapons.
You are too small for most types of armour.
You have supernaturally acute eyesight. (SInv)
You cover ground extremely quickly.


Message History

Confirm with . or Enter, or press ? or * to list all spells.
Aiming: Ensorcelled Hibernation (safe; 7% risk of failure)
Press: ? - help, Shift-Dir - straight line, f - orc wizard
Aim: an orc wizard, wielding a +0 dagger and wearing a +0 robe (chance to defeat MR: 44%)
The orc wizard looks drowsy...
The orc wizard shouts!
The orc priest invokes the aid of Beogh against you.
Beogh smites you!
Ouch! That really hurt!
* * * LOW HITPOINT WARNING * * *
There is an open door here.
Really quaff
e - a potion of heal wounds {!q}?
You feel much better.
The orc priest looks satisfied for a moment.
The orc wizard hits you with a +0 dagger.
The orc priest calls down the wrath of Beogh upon you.
Beogh smites you!
Ouch! That really hurt!
You die...
Your body crumbles into a pile of gold.

############
#_________.#
#_________.#
#_______...###########++
##########'##...........
#.?(.')))'.##......#..#.
##########.##...........
#......o....'...........
#+#####@#####......#..#.
#...#o# #...........
#...#o# ####'#####++
#.o.'.# #.......#
##o#### #.......#
#....J# #.......#
#Z....# #...<...#
#...g.oo #.......#
#....oo..##.......#


You could see 2 orc priests and an orc wizard.

Vanquished Creatures
  An adder (D)
  A gnoll (D)
  An ufetubus (D)
  An ooze (D)
  A giant cockroach (D)
  A quokka (D)
  A ball python skeleton (D)
  A frilled lizard (D)
8 creatures vanquished.

Notes
Turn   | Place    | Note
-------+----------+-------------------------------------------
     0 | D        | sahdkjhfkaj the Spriggan Enchanter began the quest for the
                  | Orb.
     0 | D        | Reached XP level 1. HP: 9/9 MP: 5/5
    18 | D        | Reached skill level 1 in Fighting
    18 | D        | Reached skill level 1 in Ice Magic
    18 | D        | Reached skill level 3 in Spellcasting
    18 | D        | Reached XP level 2. HP: 14/14 MP: 7/7
   349 | D        | Learned a level 2 spell: Ensorcelled Hibernation
   352 | D        | Found a bloodstained altar of Trog.
   352 | D        | Found a shimmering blue altar of Sif Muna.
   352 | D        | Found a viscous altar of Jiyva.
   352 | D        | Found a hazy altar of Hepliaklqana.
   352 | D        | Found an opulent altar of Gozag.
   353 | D        | Found a glowing golden altar of the Shining One.
   353 | D        | Found a glowing silver altar of Zin.
   353 | D        | Found a basalt altar of Yredelemnul.
   353 | D        | Found a shimmering altar of Xom.
   353 | D        | Found an ornate altar of the Wu Jian Council.
   353 | D        | Found a sacrificial altar of Ru.
   353 | D        | Found a stormy altar of Qazlal.
   353 | D        | Found an iron altar of Okawaru.
   353 | D        | Found a sparkling altar of Nemelex Xobeh.
   353 | D        | Found a burning altar of Makhleb.
   353 | D        | Found a blossoming altar of Fedhas.
   353 | D        | Found a white marble altar of Elyvilon.
   353 | D        | Found a shadowy altar of Dithmenos.
   353 | D        | Found a snail-covered altar of Cheibriados.
   354 | D        | Found a radiant altar of Vehumet.
   354 | D        | Found a corrupted altar of Lugonu.
   354 | D        | Found a roughly hewn altar of Beogh.
   355 | D        | Found an ancient bone altar of Kikubaaqudgha.
   355 | D        | Found a hide-covered altar of Uskayaw.
   355 | D        | Found a broken altar of Ashenzari.
   358 | D        | Became a worshipper of Gozag Ym Sagoz the Greedy
   406 | D        | Reached skill level 4 in Spellcasting
   612 | D        | Reached skill level 5 in Spellcasting
   612 | D        | Reached skill level 1 in Shields
   612 | D        | Reached XP level 3. HP: 9/18 MP: 6/10
   769 | D        | Killed from afar by an orc priest

Illustrated notes

Levels and vault maps discovered:
D:        pitsprint [storerooms_1, entrance_room_1, metal_vault_3, armoury_2,
          mini_pit_1, grid_room_1, main_hall_1, silver_pit, the_coven_3,
          the_vestibule_1, steel_vault_1, golden_pit, hallway_of_sentries,
          crystal_vault_4, iron_vault_2, final_vault]

Skill      XL: |  1  2 |
---------------+-------+-----
Fighting       | 1 |  1.0
Short Blades   | 2 |  2.0
Ice Magic      | 1 |  1.0
Spellcasting   | 3 5 |  5.0
Hexes          | 4 |  4.5
Evocations     | 2 4 |  4.0
Shields        | 1 |  1.0
Dodging        | |  3.0
Stealth        | |  4.4

Action                   || total
-------------------------++-------
Melee: Dagger            ||    12
 Cast: Ensorcelled Hiber ||     2
  Use: Potion            ||     2
 Stab: Sleeping          ||     5
Dodge: Dodged            ||     4

Table legend: (Time is in decaauts)
 A = Elapsed time spent in this place.
 B = Non-inter-level travel time spent in this place.
 C = Inter-level travel time spent in this place.
 D = Time resting spent in this place.
 E = Time spent auto-exploring this place.
 F = Levels seen in this place.
 G = Mean time per level.
                   A        B        C        D        E       F      G
               +--------+--------+--------+--------+--------+-----+--------+
         Total |    741 |    741 |      0 |    653 |      0 |   1 |  741.0 |
       Dungeon |    741 |    741 |      0 |    653 |      0 |   1 |  741.0 |
               +--------+--------+--------+--------+--------+-----+--------+

Top non-repeatable levels by time:
       D: 741 daAuts
